 Dungeon Crawl Stone Soup version 0.26-a0-1131-g5f66e2dd50 (webtiles) character file.

Game seed: 2331650824073356230

12296 CurlyBrace the Fighter (level 11, 0/60 HPs)
             Began as a Felid Delver on Dec 19, 2020.
             Was a Believer of Uskayaw.
             Succumbed to a black mamba's poison
             ... on level 1 of the Lair of Beasts.
             The game lasted 01:28:03 (9470 turns).

CurlyBrace the Fighter (Felid Delver)               Turns: 9470, Time: 01:28:03

Health: 0/60       AC:  6    Str:  8    XL:     11   Next: 60%
Magic:  15/15      EV: 28    Int:  9    God:    Uskayaw [**....]
Gold:   1318       SH:  0    Dex: 19    Spells: 10/10 levels left
                                        Lives:  0   Deaths: 2

rFire    . . .     SeeInvis +     - Unarmed
rCold    . . .     Faith    .   (shield unavailable)
rNeg     . . .     Spirit   .   (armour unavailable)
rPois    .         Reflect  .   (helmet unavailable)
rElec    .         Harm     .   (cloak unavailable)
rCorr    .         Rampage  .   (gloves unavailable)
Will     ++++.     Rnd*Rage +   (boots unavailable)
Stlth    +++++.....             o - necklace of Bloodlust {*Rage +Rage Will++ Int-3 Slay+6 *Curse} (curse)
HPRegen  0.20/turn              m - ring of willpower
MPRegen  0.14/turn              l - +4 ring of protection

@: lethally poisoned (0 -> -29), berserk cooldown, slowed, studying
Spellcasting, slow
A: very small, no armour, no weapons or thrown items, stealth, claws 1, fangs 3,
see invisible, dopey 1, speed 1, shaggy fur 2, sharp paws
a: Renounce Religion, Evoke Berserk Rage, Stomp, Line Pass


You were on level 1 of the Lair of Beasts.
You worshipped Uskayaw.
Uskayaw was noncommittal.
You visited 4 branches of the dungeon, and saw 14 of its levels.

You collected 1318 gold pieces.

Inventory:

Jewellery
 f - an uncursed amulet of faith
 h - an uncursed amulet of the acrobat
 l - a +4 ring of protection (right paw)
 m - a ring of willpower (left paw)
 o - the cursed necklace of Bloodlust (around neck) {*Rage +Rage Will++ Int-3 Slay+6 *Curse}
   (You found it on level 1 of the Orcish Mines)

   [amulet of nothing]

   It affects your intelligence (-3).
   It affects your accuracy and damage with ranged weapons and melee attacks
   (+6).
   It affects your willpower, your defense against some magical effects.
   It lets you go berserk.
   It may make you go berserk in combat.
   It curses itself when equipped.
   It has a curse placed upon it.
Wands
 r - a wand of flame (5)
Scrolls
 a - 5 scrolls of fog
 b - 3 scrolls of teleportation
 c - a scroll of fear
 d - 3 scrolls of remove curse
 g - a scroll of summoning {unknown}
 p - a scroll of noise
Potions
 j - 2 potions of flight
 k - 3 potions of attraction
 n - 2 potions of haste
Books
 z - a manual of Spellcasting
Miscellaneous
 i - a condenser vane (inert)
 t - a phial of floods (inert)


   Skills:
 - Level 14.0 Fighting
 + Level 10.9 Dodging
 + Level 11.0 Stealth
 * Level 11.0 Unarmed Combat
 - Level 5.0 Invocations
 - Level 5.0 Evocations


You had 10 spell levels left.
You didn't know any spells.
Your spell library was empty.

Dungeon Overview and Level Annotations

Branches:
Dungeon (10/15)            Temple (0/1) D:6            Lair (1/6) D:8
    Orc (2/2) D:9             Elf (1/3) Orc:2

Altars:
Ashenzari
Cheibriados
Dithmenos
Kikubaaqudgha
Makhleb
Nemelex Xobeh
Okawaru
Ru
Sif Muna
Trog
Uskayaw
Vehumet
Xom
Beogh

Shops:
D:9 ([

Annotations:
D:10 Gastronok
Orc:2 Saint Roka


Innate Abilities, Weirdness & Mutations

You cannot wear armour.
You are incapable of wielding weapons or throwing items.
Your paws allow you to move quietly. (Stealth)
You have sharp claws.
You have razor-sharp teeth.
You have supernaturally acute eyesight. (SInv)
You cover ground quickly.
You are covered in thick fur. (AC +2)
Your sharp claws are effective at attacking unaware monsters.
You are dopey. (Int -2)


Message History

You feel very sick.
A red film seems to cover your vision as you go berserk!
You feel yourself moving faster!
You feel mighty!
* * * LOW HITPOINT WARNING * * *
You feel very sick.
You feel a strong urge to attack something.
* * * LOW HITPOINT WARNING * * *
You feel sick.
* * * LOW HITPOINT WARNING * * *
You feel sick.
You feel your anger nearly subside.
* * * LOW HITPOINT WARNING * * *
You feel sick.
You are no longer berserk.
You are exhausted.
You feel yourself slow down.
* * * LOW HITPOINT WARNING * * *
You feel sick.
A cane toad comes into view.
You die...

#.#...#.# #.....#.#
#.P.....# #.......#
##.....# . #......#... .
### ##.#...#...
.F..####.######.....#...
.......@........P.<.#...
.............†..#.#.#...
........................
..........(.............
##.#.##....#+PP#####'#..
# ## #....#.........#..
#....#.........# .
#..............#
#....#.........#


You could see a cane toad (wandering).

Vanquished Creatures
  An orc warlord (Orc:1)
  A deep elf elementalist (Orc:1)
  A deep elf annihilator (Orc:1)
  A two-headed ogre (Orc:1)
  4 orc high priests (Orc:2)
  6 orc knights
  3 orc sorcerers
  2 deep elf magi (Orc:1)
  A black mamba (Lair:1)
  2 cyclopes (Orc:1)
  A komodo dragon (D:8)
  2 trolls
  Prince Ribbit (D:7)
  Grinder (D:3)
  Sigmund (D:3)
  5 yaks (D:9)
  Grum (D:10)
  4 wargs (Orc:1)
  A water moccasin (D:8)
  Duvessa (D:7)
  A sky beast (D:8)
  33 orc warriors
  6 ice beasts
  12 ogres
  A black bear (D:9)
  4 wolves (D:10)
  A phantom (D:9)
  2 necrophages (D:8)
  3 centaurs
  2 big kobolds (D:8)
  5 bullfrogs
  A gnoll sergeant (D:7)
  Dowan (D:7)
  4 scorpions
  4 killer bees (D:8)
  9 wights
  5 howler monkeys
  3 crimson imps (D:4)
  A centaur zombie (D:6)
  5 hounds
  23 orc priests
  A jelly (D:9)
  27 orc wizards
  An iguana (D:9)
  7 worker ants
  A hound zombie (D:8)
  3 worker ant zombies
  9 gnolls
  7 adders
  A shadow imp (D:3)
  A white imp (D:7)
  4 ufetubi
  An ooze (D:7)
  An adder skeleton (D:5)
  An adder zombie (D:5)
  2 worms (D:3)
  A dart slug (D:5)
  6 leopard geckos
  103 orcs
  5 bats
  5 giant cockroaches
  6 goblins
  6 hobgoblins
  8 jackals
  4 quokkas
  2 ball pythons
  3 frilled lizards
  A jackal skeleton (D:6)
  A kobold (D:3)
  A leopard gecko skeleton (D:6)
  A leopard gecko zombie (D:8)
  4 rats
390 creatures vanquished.

Vanquished Creatures (others)
  A troll (Orc:1)
  An orc (Orc:1)
  2 plants (Lair:1)
4 creatures vanquished.

Grand Total: 394 creatures vanquished

Notes
Turn   | Place    | Note
-------+----------+-------------------------------------------
     0 | D:5      | CurlyBrace the Felid Delver began the quest for the Orb.
     0 | D:5      | Reached XP level 1. HP: 10/10 MP: 2/2
    24 | D:5      | Noticed an ice beast
    34 | D:5      | Noticed a worker ant
    41 | D:5      | Reached XP level 2. HP: 14/14 MP: 3/3
    64 | D:5      | Found a sparkling altar of Nemelex Xobeh.
    64 | D:5      | Found a burning altar of Makhleb.
    67 | D:5      | Found a hide-covered altar of Uskayaw.
    78 | D:5      | Became a worshipper of Uskayaw the Reveller
   110 | D:5      | Reached * piety under Uskayaw
   111 | D:5      | Reached XP level 3. HP: 11/17 MP: 4/4
   576 | D:2      | Reached ** piety under Uskayaw
   578 | D:2      | Reached XP level 4. HP: 13/21 MP: 5/5
   710 | D:2      | Found an iron altar of Okawaru.
   953 | D:3      | Reached *** piety under Uskayaw
   961 | D:3      | Reached **** piety under Uskayaw
   999 | D:3      | Reached XP level 5. HP: 14/24 MP: 6/6
  1002 | D:3      | Noticed Grinder
  1005 | D:3      | Noticed Sigmund
  1019 | D:5      | Noticed an ogre
  1034 | D:5      | Reached skill level 1 in Evocations
  1099 | D:4      | Reached skill level 1 in Invocations
  1174 | D:4      | Found a shimmering altar of Xom.
  1182 | D:4      | Reached skill level 4 in Fighting
  1188 | D:4      | Gained mutation: You are covered in thick fur. (AC +2)
                  | [Felid growth]
  1188 | D:4      | Reached XP level 6. HP: 11/28 MP: 7/7
  1198 | D:4      | Reached ***** piety under Uskayaw
  1466 | D:3      | Found a sacrificial altar of Ru.
  1497 | D:3      | Reached skill level 5 in Dodging
  1497 | D:3      | Reached skill level 5 in Unarmed Combat
  1565 | D:3      | Found a radiant altar of Vehumet.
  1573 | D:3      | Killed Grinder
  1574 | D:3      | Reached XP level 7. HP: 30/32 MP: 8/8
  1580 | D:3      | Killed Sigmund
  1616 | D:3      | Found a radiant altar of Vehumet.
  1718 | D:5      | Reached XP level 8. HP: 7/36 MP: 9/9
  1781 | D:5      | Found a snail-covered altar of Cheibriados.
  1848 | D:5      | Found a broken altar of Ashenzari.
  1883 | D:6      | Found a staircase to the Ecumenical Temple.
  1917 | D:6      | Reached skill level 5 in Fighting
  2000 | D:6      | Reached skill level 6 in Fighting
  2042 | D:6      | Reached skill level 7 in Fighting
  2151 | D:6      | Found a shadowy altar of Dithmenos.
  2392 | D:7      | Reached XP level 9. HP: 6/43 MP: 10/12
  2419 | D:8      | Found a bloodstained altar of Trog.
  2426 | D:8      | Noticed a komodo dragon
  2427 | D:8      | HP: 2/41 [necrophage (2)]
  2448 | D:8      | Killed a komodo dragon
  2589 | D:8      | Found a staircase to the Lair.
  2617 | Lair:1   | Entered Level 1 of the Lair of Beasts
  2618 | Lair:1   | Noticed a black mamba
  2874 | D:8      | HP: 1/43 [centaur/arrow (11)]
  2895 | D:7      | Reached XP level 10. HP: 20/47 MP: 12/14
  2933 | D:7      | Noticed Prince Ribbit
  2939 | D:7      | Killed Prince Ribbit
  3193 | D:7      | Noticed Duvessa
  3193 | D:7      | Noticed Dowan
  3201 | D:7      | Found a shimmering blue altar of Sif Muna.
  3201 | D:7      | Found an ancient bone altar of Kikubaaqudgha.
  3208 | D:7      | Killed Duvessa
  3213 | D:7      | Killed Dowan
  3272 | D:7      | Reached skill level 5 in Evocations
  3328 | D:10     | Entered Level 10 of the Dungeon
  3390 | D:8      | Reached skill level 8 in Fighting
  3493 | D:10     | Noticed Grum
  3496 | D:10     | Killed Grum
  3561 | D:9      | Found Paled's Armour Shoppe.
  3562 | D:9      | Found a staircase to the Orcish Mines.
  3564 | D:9      | Found Xarioh's Weapon Shoppe.
  3699 | D:9      | Reached skill level 9 in Fighting
  3701 | D:9      | Reached skill level 5 in Invocations
  3717 | D:10     | Noticed Gastronok
  3933 | Orc:1    | Entered Level 1 of the Orcish Mines
  4033 | Orc:2    | Entered Level 2 of the Orcish Mines
  4043 | Orc:1    | Noticed a cyclops
  4061 | Orc:1    | Killed a cyclops
  4062 | Orc:1    | Reached skill level 10 in Stealth
  4068 | Orc:2    | Noticed an orc high priest
  4068 | Orc:2    | Noticed an orc sorcerer
  4101 | Orc:1    | Reached skill level 10 in Dodging
  4137 | Orc:1    | Reached XP level 11. HP: 42/53 MP: 15/15
  4182 | Orc:1    | Noticed an orc warlord
  4198 | Orc:1    | Killed an orc warlord
  4199 | Orc:1    | Reached skill level 10 in Unarmed Combat
  4216 | Orc:1    | Reached skill level 10 in Fighting
  4312 | Orc:1    | Noticed a stone giant
  4361 | Orc:1    | Found a transporter.
  4370 | Orc:1    | Found a transporter.
  4370 | Orc:1    | Found a runed translucent door.
  4370 | Orc:1    | Found a bloodstained altar of Trog.
  4371 | Orc:1    | Found the cursed necklace of Bloodlust {*Rage +Rage Will++
                  | Int-3 Slay+6 *Curse}
  4375 | Orc:1    | Noticed a deep elf mage
  4375 | Orc:1    | Noticed a deep elf sorcerer
  4375 | Orc:1    | Noticed a two-headed ogre
  4381 | Orc:1    | Noticed an orc knight
  4381 | Orc:1    | Noticed a deep elf mage
  4381 | Orc:1    | Noticed a deep elf mage
  4383 | Orc:1    | Noticed a deep elf elementalist
  4384 | Orc:1    | Noticed a deep elf annihilator
  4385 | Orc:1    | Noticed a deep troll
  4385 | Orc:1    | Noticed a two-headed ogre
  4388 | Orc:1    | Killed an orc knight
  4393 | Orc:1    | Noticed a two-headed ogre
  4399 | Orc:1    | Noticed a deep elf mage
  4399 | Orc:1    | Noticed a deep elf elementalist
  4403 | Orc:1    | Killed a two-headed ogre
  4432 | Orc:1    | Killed a deep elf mage
  4433 | Orc:1    | Reached skill level 11 in Fighting
  4436 | Orc:1    | Killed a deep elf mage
  4436 | Orc:1    | Killed a deep elf elementalist
  4439 | Orc:1    | Slain by a deep elf annihilator
  4440 | Orc:1    | Reached XP level 10. HP: -5/53 MP: 14/14
  4487 | Orc:1    | Killed a deep elf annihilator
  4488 | Orc:1    | Reached skill level 12 in Fighting
  4859 | Orc:1    | Reached XP level 11. HP: 14/57 MP: 15/15
  5598 | Orc:2    | Killed an orc high priest
  5604 | Orc:2    | Killed an orc sorcerer
  5605 | Orc:2    | Reached skill level 13 in Fighting
  5607 | Orc:2    | Found a roughly hewn altar of Beogh.
  5667 | Orc:2    | Found a staircase to the Elven Halls.
  5677 | Elf:1    | Entered Level 1 of the Elven Halls
  5688 | Orc:2    | Found a roughly hewn altar of Beogh.
  6012 | Orc:2    | Killed from afar by an orc priest
  6013 | Orc:2    | Reached XP level 10. HP: -1/55 MP: 14/14
  6198 | Orc:2    | Noticed an orc knight
  6212 | Orc:2    | Noticed an orc knight
  6505 | Orc:1    | Killed an orc knight
  6755 | Orc:2    | Noticed an orc knight
  6881 | Orc:1    | Killed an orc knight
  7054 | Orc:2    | Noticed an orc knight
  8041 | Orc:1    | Killed an orc knight
  8042 | Orc:1    | Reached skill level 14 in Fighting
  8349 | Orc:1    | Killed an orc knight
  8350 | Orc:1    | Reached XP level 11. HP: 60/60 MP: 15/15
  8402 | Orc:2    | Noticed an orc high priest
  8414 | Orc:2    | Killed an orc high priest
  8475 | Orc:2    | Noticed an orc knight
  8475 | Orc:2    | Noticed an orc knight
  8476 | Orc:2    | Noticed an orc high priest
  8476 | Orc:2    | Noticed an orc high priest
  8771 | Orc:2    | Noticed an orc high priest
  8772 | Orc:2    | Noticed an orc high priest
  8806 | Orc:2    | Killed an orc high priest
  8845 | Orc:2    | Killed an orc knight
  8850 | Orc:2    | Gained mutation: You are dopey. (Int -2) [a neqoxec]
  8917 | Orc:2    | Noticed a soul eater
  8921 | Orc:2    | Killed an orc high priest
  8980 | Orc:2    | Noticed an orc sorcerer
  9087 | Orc:1    | Killed an orc sorcerer
  9137 | Orc:2    | Noticed an orc sorcerer
  9139 | Orc:2    | Noticed a soul eater
  9293 | Orc:2    | Killed an orc sorcerer
  9329 | Orc:2    | Noticed Saint Roka
  9469 | Lair:1   | HP: 3/60 [poisoned by a black mamba]
  9470 | Lair:1   | Succumbed to a black mamba's poison

Illustrated notes

Levels and vault maps discovered:
D:1:      dpeg_arrival_orchard, layout_loops_corners
D:2:      layout_rooms, okawaru_metal_pillars_1_2, kennysheep_doodads
D:3:      layout_basic, nicolae_ru_path_of_blood, vehumet_crystals,
          kennysheep_flooded_box, uniq_sigmund, uniq_grinder
D:4:      layout_cave_pods, led_xom_imps
D:5:      layout_rooms, lemuel_round_altar, nicolae_overflow_hidden_temple,
          st_stairs_12, kennysheep_slug_shrine
D:6:      minmay_inner_zag, layout_cave_pools, lemuel_round_altar,
          minmay_temple_entry_large_hall, st_stairs_14,
          kennysheep_generic_room_8
D:7:      layout_basic, gammafunk_temple_overflow_elements,
          minmay_misc_feat_ornament, uniq_prince_ribbit1, uniq_duvessa,
          uniq_maggie
D:8:      cheibrodos_fzero, layout_basic, bloody_trog, kennysheep_mini_moat,
          lair_entry_dummy, minmay_manual_mail
D:9:      layout_irregular_city, orc_david_3
D:10:     layout_loops_ring, serial_shops, nicolae_shop_waterfront, uniq_grum,
          uniq_erolcha, uniq_gastronok, uniq_fannar
Lair:1:   layout_chaotic_city, minmay_stone_trees_small,
          gammafunk_lair_bear_cave
Orc:1:    emtedronai_trogs_sanctum, layout_caves
Orc:2:    st_orc_pillars, layout_caves, basic_altar, lemuel_statue_altar,
          uniq_saint_roka
Elf:1:    eino_elf_arrival_the_gate, layout_geoelf_grid, serial_shops,
          nicolae_shop_waterfront, minmay_elf_sorcery, minmay_shop_grove

Skill      XL: |  1  2  3  4  5  6  7  8  9 10 11 |
---------------+----------------------------------+-----
Unarmed Combat | 3 4 5 7 9 11 | 11.0
Dodging        | 3 4 5 7 8 10 | 10.9
Stealth        | 7 9 10 11 | 11.0
Evocations     | 1 3 4 5 |  5.0
Invocations    | 1 2 4 5 |  5.0
Fighting       | 4 7 14 13 | 14.0

Action                   |  1- 3 |  4- 6 |  7- 9 | 10-12 || total
-------------------------+-------+-------+-------+-------++-------
Melee: Unarmed           |    38 |   143 |   276 |   562 ||  1019
       Punch             |     2 |     4 |    14 |    20 ||    40
       Bite              |     1 |    15 |    28 |    52 ||    96
Invok: Line Pass         |       |       |       |     3 ||     3
       Stomp             |       |       |       |     1 ||     1
 Abil: Evoke Berserk Rag |       |       |       |     2 ||     2
Evoke: Wand              |     1 |     7 |    43 |    44 ||    95
       Condenser vane    |       |       |       |     2 ||     2
       Phial of floods   |       |       |       |     1 ||     1
  Use: Scroll            |     8 |     3 |     4 |     3 ||    18
       Potion            |     2 |     1 |     6 |     6 ||    15
 Stab: Sleeping          |    10 |     6 |     9 |    17 ||    42
       Distracted        |       |     1 |       |     6 ||     7
       Paralysed         |       |     5 |    10 |    35 ||    50
       Invisible         |       |       |     3 |     1 ||     4
       Confused          |       |       |       |     3 ||     3
Armor: Skin              |     1 |    14 |    16 |    23 ||    54
Dodge: Dodged            |    29 |    93 |   219 |   416 ||   757

Table legend: (Time is in decaauts)
 A = Elapsed time spent in this place.
 B = Non-inter-level travel time spent in this place.
 C = Inter-level travel time spent in this place.
 D = Time resting spent in this place.
 E = Time spent auto-exploring this place.
 F = Levels seen in this place.
 G = Mean time per level.
                   A        B        C        D        E       F      G
               +--------+--------+--------+--------+--------+-----+--------+
         Total |   8577 |   8577 |      0 |   3221 |      0 |  14 |  612.6 |
       Dungeon |   4243 |   4243 |      0 |    898 |      0 |  10 |  424.3 |
          Lair |     35 |     35 |      0 |      0 |      0 |   1 |   35.0 |
  Orcish Mines |   4290 |   4290 |      0 |   2323 |      0 |   2 | 2145.0 |
   Elven Halls |      8 |      8 |      0 |      0 |      0 |   1 |    8.0 |
               +--------+--------+--------+--------+--------+-----+--------+

Top non-repeatable levels by time:
   Orc:1: 2502 daAuts
   Orc:2: 1787 daAuts
     D:9: 1367 daAuts
     D:8: 483 daAuts
     D:6: 404 daAuts
     D:7: 393 daAuts
     D:3: 393 daAuts
     D:5: 308 daAuts
     D:2: 301 daAuts
     D:4: 284 daAuts
     D:1: 281 daAuts
  Lair:1: 35 daAuts
    D:10: 24 daAuts
   Elf:1: 8 daAuts
